 Dungeon Crawl Stone Soup version 0.19-a0-1626-g5215c36 (webtiles) character file.

39 sveltemanboy the Slasher (level 3, -2/27 HPs)
             Began as a Demonspawn Gladiator on Sept 18, 2016.
             Slain by an adder (4 damage)
             ... on level 2 of the Dungeon.
             The game lasted 00:02:54 (942 turns).

sveltemanboy the Slasher (Demonspawn Gladiator)      Turns: 942, Time: 00:02:54

Health: -2/27      AC:  4    Str: 16    XL:     3   Next: 26%
Magic:  3/3        EV: 12    Int:  9    God:
Gold:   19         SH:  0    Dex: 13    Spells: 0 memorised, 2 levels left

rFire  . . .     SeeInvis .     n - +0 hunting sling (curse)
rCold  . . .     Gourm    .     b - +0 leather armour
rNeg   . . .     Faith    .     (no shield)
rPois  .         Spirit   .     c - +0 helmet
rElec  .         Dismiss  +     (no cloak)
rCorr  .         Reflect  .     (no gloves)
MR     .....     Harm     .     (no boots)
Stlth  +.........               h - amulet of dismissal
                                (no ring)
                                (no ring)

@: lethally poisoned (-2 -> -6), very slightly contaminated, hasted, very quick
A: powered by death 1, rot immunity
a: no special abilities


You were on level 2 of the Dungeon.
You were not hungry.

You visited 1 branch of the dungeon, and saw 2 of its levels.

You collected 19 gold pieces.

Inventory:

Hand Weapons
 a - a +0 long sword
 n - a cursed +0 hunting sling (weapon)
Armour
 b - a +0 leather armour (worn)
 c - a +0 helmet (worn)
 l - a +0 chain mail
Jewellery
 h - an amulet of dismissal (around neck)
Scrolls
 i - 2 scrolls of amnesia
Potions
 e - 2 potions of curing
 k - a potion of degeneration {unknown}
 p - a potion of agility {unknown}
Comestibles
 f - a bread ration
 m - a royal jelly
 o - 2 chunks of flesh


   Skills:
 - Level 2.0 Fighting
 * Level 3.7 Long Blades
 - Level 1.7 Throwing
 + Level 1.0 Armour
 - Level 2.6 Dodging


You had 2 spell levels left.
You didn't know any spells.

Dungeon Overview and Level Annotations

Branches:
Dungeon (2/15)

Altars:


Innate Abilities, Weirdness & Mutations

You regenerate a little health from kills.
You are immune to rotting.


Message History

The adder misses you.
You miss the adder.
The adder is moderately wounded.
* * * LOW HITPOINT WARNING * * *
You feel sick. The adder misses you. The adder bites you.
* * * LOW HITPOINT WARNING * * *
The adder bites you but does no damage.
You clumsily bash the adder but do no damage.
The adder is moderately wounded.
The adder closely misses you. The adder barely misses you.
The adder bites you but does no damage.
You barely miss the adder.
The adder is moderately wounded.
The adder barely misses you. The adder bites you.
* * * LOW HITPOINT WARNING * * *
You miss the adder.
The adder is moderately wounded.
* * * LOW HITPOINT WARNING * * *
You feel sick. The adder bites you.
You die...

#(## . ...# ()
...(.. ((( ..(..
#... .#..#
(.).)####.#(.#
..##......#..#
(((...((S##..#
.......S@<...#
...[......รท..#
..............#
..............#
.........[.....#
..............(.#
...............(.#
...............(.
......##........


You could see 2 adders.

Vanquished Creatures
  An adder (D:2)
  2 dart slugs (D:1)
  3 giant cockroaches
  3 hobgoblins (D:1)
  4 kobolds
  3 bats
  2 frilled lizards (D:1)
  3 goblins
  5 rats
26 creatures vanquished.

Notes
Turn   | Place    | Note
-------+----------+-------------------------------------------
     0 | D:1      | sveltemanboy the Demonspawn Gladiator began the quest for the Orb.
     0 | D:1      | Reached XP level 1. HP: 16/16 MP: 1/1
   230 | D:1      | Reached skill level 3 in Long Blades
   272 | D:1      | Gained mutation: You regenerate a little health from kills. [demonic ancestry]
   272 | D:1      | Reached XP level 2. HP: 22/22 MP: 2/2
   694 | D:1      | Reached skill level 1 in Armour
   884 | D:2      | Gained mutation: You are immune to rotting. [demonic ancestry]
   884 | D:2      | Reached XP level 3. HP: 19/27 MP: 3/3
   942 | D:2      | Slain by an adder

Vault maps used:
D:1:      lemuel_arrival_hallway
D:2:      makhleb_blood_cavern_becter, uniq_natasha

Skill      XL: |  1  2 |
---------------+-------+-----
Long Blades    | 3 |  3.7
Armour         | 1 |  1.0
Fighting       | |  2.0
Throwing       | |  1.7
Dodging        | |  2.6

Action                   || total
-------------------------++-------
Melee: Long sword        ||    35
       Hunting sling     ||    12
 Fire: Hunting sling     ||    41
Throw: Throwing net      ||     3
  Use: Scroll            ||     4
       Potion            ||     2
Armor: Leather armour    ||    20
Dodge: Dodged            ||    40
